 Dungeon Crawl Stone Soup version 0.31-a0-1611-g890cdf5628 (webtiles) character file.

Game seed: 15878298883150970570

412016 Khashishi the Cutthroat (level 24, -11/161 HPs)
             Began as a Kobold Chaos Knight on Dec 31, 2023.
             Was a Favourite Plaything of Xom.
             Mangled by a spriggan berserker
             ... wielding a +1 antimagic broad axe
              (40 damage)
             ... on level 2 of the Depths on Jan 9, 2024.
             The game lasted 06:18:15 (39145 turns).

Khashishi the Cutthroat (Kobold Chaos Knight)      Turns: 39145, Time: 06:18:16

Health: -11/161    AC: 30    Str: 15    XL:     24   Next: 66%
Magic:  7/23       EV: 36    Int: 14    God:    Xom [......]
Gold:   2207       SH:  6    Dex: 27    Spells: 23/23 levels left

rFire   x . .        o - +8 pair of quick blades "Gyre" and "Gimble" {protect}
rCold   . . .        (shield currently unavailable)
rNeg    + . .        R - +3 troll leather armour {Snorg}
rPois   +            X - +2 hat
rElec   +            A - +2 cloak {Will+}
rCorr   +            V - +2 pair of gloves {Stlth+}
SInv    .            S - +2 pair of boots
Will    ++...        P - amulet of Rohilo Cequ {RegenMP rPois rN+ rCorr Dex-2} Stlth ******++++
                     d - ring of Shadows {Umbra +Inv Stlth+}
HPRegen 1.26/turn    O - ring "Exkizuy" {rElec Str+4 Dex+6}
MPRegen 0.58/turn

%: no passive effects
@: under a protective aura, wreathed by umbra, studying 2 skills
A: small, no large weapons, nightstalker 3, antennae 1, iridescent scales 2,
large bone plates 2, screaming 1, heat vulnerability 1, inability to read after
injury 1
}: 2/15 runes: barnacled, gossamer
a: Renounce Religion, Evoke Invisibility


You were on level 2 of the Depths.
You worshipped Xom.
You were a very special plaything of Xom.
You visited 8 branches of the dungeon, and saw 36 of its levels.
You also visited: Trove and Gauntlet.

You collected 4287 gold pieces.
You spent 2080 gold pieces at shops.

Inventory:

Hand Weapons
 a - the +3 rapier "Pissett" {drain, rPois rN++ Str-5 SInv}
   (You found it in a Gauntlet)

   Str-5:     It affects your strength (-5).
   rPois:     It protects you from poison rN++: It greatly protects you from
   negative energy.
   SInv:      It lets you see invisible.
 b - a +7 rapier of holy wrath
 e - a +2 quick blade of protection
 o - the +8 pair of quick blades "Gyre" and "Gimble" (weapon) {protect}
   (You found it on level 3 of the Elven Halls)
Missiles
 m - 46 boomerangs
 r - a throwing net
 T - 2 curare-tipped darts (quivered)
 Z - 9 atropa-tipped darts
Armour
 y - a +2 buckler of reflection
 A - a +2 cloak of willpower (worn)
 R - a +3 troll leather armour (worn) {Snorg}
 S - a +2 pair of boots (worn)
 V - a +2 pair of gloves of stealth (worn)
 X - a +2 hat (worn)
Jewellery
 d - the ring of Shadows (left hand) {Umbra +Inv Stlth+}
   (You found it on level 4 of the Shoals)

   [ring of stealth]

   Umbra:     It surrounds you with an aura of shadow, increasing your stealth
   and reducing the accuracy of all others within it.
   +Inv:      It lets you turn invisible.
   Stlth+:    It makes you more stealthy.
 j - a ring of protection from cold
 p - a ring of protection from fire
 v - a ring of flight
 C - a ring of willpower
 O - the ring "Exkizuy" (right hand) {rElec Str+4 Dex+6}
   (You found it on level 4 of the Shoals)

   [ring of dexterity]

   Str+4:     It affects your strength (+4).
   Dex+6:     It affects your dexterity (+6).
   rElec:     It insulates you from electricity.
 P - the amulet of Rohilo Cequ (around neck) {RegenMP rPois rN+ rCorr Dex-2}
   (You found it on level 9 of the Dungeon)

   [amulet of magic regeneration]

   RegenMP:   It increases your rate of magic regeneration.
   Dex-2:     It affects your dexterity (-2).
   rPois:     It protects you from poison rN+: It protects you from negative
   energy.
   rCorr:     It protects you from acid and corrosion.
 W - a ring of positive energy
Wands
 s - a wand of charming (8)
 t - a wand of mindburst (18)
 u - a wand of polymorph (39)
 B - a wand of flame (18)
 G - a wand of iceblast (17)
 H - a wand of digging (1)
 U - a wand of quicksilver (15)
Scrolls
 i - 6 scrolls of vulnerability
 k - 2 scrolls of immolation
 x - 9 scrolls of fog
 z - a scroll of noise {unknown}
 D - 5 scrolls of poison
 F - 5 scrolls of blinking
 I - 2 scrolls of silence
 K - a scroll of revelation
 Y - 5 scrolls of fear
Potions
 f - a potion of haste
 h - 9 potions of ambrosia
 l - 12 potions of curing
 n - 2 potions of might
 q - 7 potions of enlightenment
 N - 3 potions of attraction
 Q - 2 potions of heal wounds
Miscellaneous
 E - a phial of floods (inert)
 J - a sack of spiders (inert)
 L - a tin of tremorstones (2/2)
 M - a lightning rod (4/4)


   Skills:
 + Level 19.5 Fighting
 + Level 22.3 Short Blades
 - Level 12.8 Throwing
 - Level 8.7 Armour
 + Level 20.1 Dodging
 + Level 18.8 Stealth
 - Level 12.0 Shields
 + Level 19.4 Evocations


You had 23 spell levels left.
You didn't know any spells.
Your spell library contained the following spells:

 Spells                   Type           Power      Damage    Failure   Level
 Apportation              Tloc           0%         N/A       34%         1
 Foxfire                  Conj/Fire      0%         2x1d4     34%         1
 Kiss of Death            Conj/Necr      0%         2d5       34%         1
 Magic Dart               Conj           0%         1d3       34%         1
 Necrotise                Necr           0%         1d4       34%         1
 Sandblast                Erth           0%         2d4       34%         1
 Slow                     Hex            0%         N/A       34%         1
 Sting                    Conj/Alch      0%         1d3       34%         1
 Summon Small Mammal      Summ           0%         N/A       34%         1
 Blink                    Tloc           0%         N/A       45%         2
 Call Imp                 Summ           0%         N/A       45%         2
 Cigotuvi's Dreadful Rot  Necr/Alch/Air  0%         N/A       45%         2
 Ensorcelled Hibernation  Hex/Ice        0%         N/A       45%         2
 Jinxbite                 Hex            0%         N/A       45%         2
 Lesser Beckoning         Tloc           0%         N/A       45%         2
 Mercury Vapours          Alch/Air       0%         N/A       45%         2
 Momentum Strike          Conj/Tloc      0%         3d8       45%         2
 Scorch                   Fire           0%         2d5       45%         2
 Searing Ray              Conj           0%         2d4       45%         2
 Sublimation of Blood     Necr           0%         N/A       45%         2
 Call Canine Familiar     Summ           0%         N/A       71%         3
 Confusing Touch          Hex            0%         N/A       71%         3
 Fugue of the Fallen      Necr           0%         N/A       71%         3
 Inner Flame              Hex/Fire       0%         N/A       71%         3
 Vampiric Draining        Necr           0%         2d6       71%         3
 Anguish                  Hex/Necr       0%         N/A       98%         4
 Brom's Barrelling Bould  Conj/Erth      0%         2d3       98%         4
 Cause Fear               Hex            0%         N/A       98%         4
 Dispel Undead            Necr           0%         3d6       98%         4
 Flame Wave               Conj/Fire      0%         2d4       98%         4
 Fulminant Prism          Conj/Alch      0%         3d5       98%         4
 Ignite Poison            Fire/Alch      0%         N/A       98%         4
 Leda's Liquefaction      Alch/Erth      0%         N/A       98%         4
 Martyr's Knell           Necr/Summ      0%         N/A       98%         4
 Olgreb's Toxic Radiance  Alch           0%         N/A       98%         4
 Summon Blazeheart Golem  Fire/Summ      0%         N/A       98%         4
 Curse of Agony           Necr           0%         N/A       100%        5
 Fireball                 Conj/Fire      0%         3d3       100%        5
 Freezing Cloud           Conj/Ice/Air   0%         6-21      100%        5
 Iskenderun's Battlesphe  Conj           0%         2d6       100%        5
 Summon Forest            Summ/Tloc      0%         N/A       100%        5
 Yara's Violent Unravell  Hex/Alch       0%         3d3       100%        5
 Conjure Ball Lightning   Conj/Air       0%         3x3d6     100%        6
 Death Channel            Necr           0%         N/A       100%        6
 Eringya's Noxious Bog    Alch           0%         4d6       100%        6
 Plasma Beam              Fire/Air       0%         2x1d10    100%        6
 Starburst                Conj/Fire      0%         6d3       100%        6
 Summon Cactus Giant      Summ           0%         N/A       100%        6
 Enfeeble                 Hex            0%         N/A       100%        7
 Orb of Destruction       Conj           0%         9d5       100%        7
 Ozocubu's Refrigeration  Ice            0%         4d7       100%        7
 Spellforged Servitor     Conj/Summ      0%         N/A       100%        7
 Summon Hydra             Summ           0%         N/A       100%        7
 Discord                  Hex            0%         N/A       100%        8
 Dragon's Call            Summ           0%         N/A       100%        9


Dungeon Overview and Level Annotations

Branches:
Dungeon (15/15)            Temple (1/1) D:7            Lair (5/5) D:10
 Shoals (4/4) Lair:3       Spider (4/4) Lair:2        Slime (0/5) Lair:4
    Orc (2/2) D:11            Elf (3/3) Orc:2        Vaults (0/5) D:14
 Depths (2/4) D:15        Gauntlet (visited)

Altars:
Ashenzari
Cheibriados
Dithmenos
Elyvilon
Fedhas
Gozag
Hepliaklqana
Kikubaaqudgha
Makhleb
Nemelex Xobeh
Okawaru
Qazlal
Ru
Sif Muna
Trog
Uskayaw
Vehumet
Wu Jian
Xom
Yredelemnul
Zin
The Shining One

Shops:
Orc:2 (*:!(   Shoals:2 :

Portals:
Hell: Depths:1
Pandemonium: Depths:2

Annotations:
D:14 Roxanne
Lair:5 exclusions: obsidian statue and 2 more exclusions
Spider:1 2 transporters, ShellytheWitch's ghost, adept KoBr


Innate Abilities, Weirdness & Mutations

You are small and have problems with some larger weapons.
You are completely attuned to the shadows.
You have a pair of small antennae on your head.
You are mostly covered in iridescent scales. (AC +4)
You are mostly covered in large bone plates. (SH +6)
You occasionally shout uncontrollably at your foes.
You are vulnerable to heat. (rF-)
You occasionally lose the ability to read scrolls when taking damage.


Message History

You miss the spriggan berserker.
You completely miss the spriggan berserker.
The spriggan berserker is almost dead. "Forecast: mostly cloudy."
The spriggan berserker completely misses you.
Press: ? - help, v - describe, . - travel The floor, spattered with blood.
This square is wreathed by an umbra.
There is a cloud of seething chaos here.
Unknown command.
The spriggan berserker completely misses you.
You miss the spriggan berserker.
You hit the spriggan berserker but do no damage.
You hit the spriggan berserker.
You completely miss the spriggan berserker.
The spriggan berserker is severely wounded.
The spriggan berserker hits you with a +1 antimagic broad axe!
You feel your power leaking away.
You puncture the spriggan berserker! You hit the spriggan berserker.
You barely miss the spriggan berserker. You miss the spriggan berserker.
The spriggan berserker is almost dead.
You hit the spriggan berserker. You barely miss the spriggan berserker.
You hit the spriggan berserker.
You hit the spriggan berserker but do no damage.
The spriggan berserker is almost dead.
The sphinx is engulfed in seething chaos.
The sphinx casts a spell.
You resist with almost no effort. The spriggan berserker misses you.
The spriggan berserker is engulfed in seething chaos.
The spriggan berserker attacks as it pursues you!
The spriggan berserker hits you with a +1 antimagic broad axe!!!
* * * LOW HITPOINT WARNING * * *
You feel your power leaking away.
The sphinx is engulfed in seething chaos.
The sphinx appears confused.
The spriggan berserker is engulfed in seething chaos.
The spriggan berserker seems to speed up.
The spriggan berserker hits you with a +1 antimagic broad axe!!!
You die...
Xom howls with laughter!

#..........# #
#(.#######.# #
#..#≈≈≈≈##.#########
#..#≈≈≈≈##.'.......'
#.†#≈≈≈≈##.######.##
#.(#≈≈≈≈##.# #.##
#§)#######.# #.##
#####§§........ #.##
....H§i@....
#####+##
....########
#....... ....
#....... ...C
#....... ...D
#....... ........
###'###. ..#..#..#.
#.#.#.#.#.


You could see a sphinx (confused) and a spriggan berserker (berserk, fast,
regenerating, strong-willed).

Vanquished Creatures
  Mara (Depths:2)
  Boris (Elf:3)
  A golden dragon (Depths:2)
  Nikola (Spider:4)
  A lich (Depths:2)
  5 deep elf blademasters (Elf:3)
  6 deep elf master archers (Elf:3)
  Frances (Shoals:2)
  A sphinx (Depths:2)
  A storm dragon (Depths:2)
  4 fire giants
  The ghost of Zonian the Grappler, an adept VSFi of Ashenzari (Shoals:4)
  2 emperor scorpions (Spider:4)
  The ghost of justen the Mimic, a journeyman TrSh of Qazlal (Lair:3)
  5 deep elf sorcerers (Elf:3)
  4 spectral caustic shrikes (Depths:1)
  3 ghost moths
  2 frost giants (Depths:1)
  The ghost of superbruh the Fighter, a journeyman OnCA of Ignis (D:11)
  5 broodmothers
  A caustic shrike skeleton (Depths:1)
  A caustic shrike zombie (Depths:1)
  9 stone giants
  2 vampire knights
  A minotaur (Gauntlet)
  11 very ugly things
  A deep elf demonologist (Elf:3)
  5 spark wasps
  3 deep elf death magi
  6 deep elf annihilators (Elf:3)
  2 ettins
  4 merfolk javelineers
  An entropy weaver (shapeshifter) (D:14)
  6 fire dragons
  A green death (Gauntlet)
  Fannar (D:10)
  6 merfolk impalers
  A deep elf high priest (Elf:3)
  4 rakshasas
  An entropy weaver (Spider:4)
  2 spriggan zombies (Depths:1)
  A spriggan air mage (Depths:1)
  3 radroaches
  4 merfolk avatars
  A catoblepas (Lair:4)
  2 jorogumos
  2 alligator snapping turtles
  6 boulder beetles
  10 centaur warriors
  3 two-headed ogres
  6 demonic crawlers
  31 dancing weapons
  3 deep troll shamans
  2 satyrs (Shoals:4)
  A titan zombie (Depths:1)
  14 death yaks
  2 tengu warriors (D:10)
  6 deep troll earth magi
  2 sphinx zombies (Depths:1)
  3 orc high priests
  10 merfolk aquamancers
  2 spriggan berserkers
  A vampire mage (Depths:2)
  18 deep elf knights
  A sun demon (Depths:2)
  A skyshark (Lair:4)
  A fire crab (shapeshifter) (D:13)
  5 pharaoh ants
  2 spark wasp zombies (Depths:1)
  A spectral death yak (Lair:5)
  A sea snake (shapeshifter) (Shoals:2)
  6 iron trolls
  2 glowing orange brains
  A spectral anaconda (Lair:5)
  A mana viper (shapeshifter) (Depths:1)
  16 orb spiders
  17 sea snakes
  22 harpies
  2 golden dragon zombies (Depths:1)
  9 deep trolls
  16 deep elf archers
  6 tengu zombies (Depths:1)
  24 deep elf zephyrmancers
  23 wolf spiders
  9 cyclopes
  2 frost giant zombies (Depths:1)
  4 necromancers
  11 steelbarb worms
  An arcanist (D:13)
  24 deep elf pyromancers
  A glowing shapeshifter (D:12)
  4 stone giant zombies (Depths:1)
  12 fauns
  2 orc sorcerers
  12 manticores
  21 ugly things
  4 fire giant zombies (Depths:1)
  4 black mambas
  9 meliai (Spider:4)
  8 elephants
  5 kobold blastminers
  8 merfolk sirens
  3 moths of wrath
  8 water nymphs
  7 torpor snails
  A dire elephant zombie (Lair:5)
  2 gargoyles
  An orange demon (Gauntlet)
  14 cane toads
  Maggie (D:7)
  8 komodo dragons
  4 kobold demonologists
  3 unseen horrors
  3 rime drakes
  2 tengu conjurers (Depths:2)
  The ghost of Azoth the Magician, a novice DESu of Yredelemnul (D:6)
  A spriggan skeleton (Depths:1)
  28 merfolk
  A polar bear (Lair:4)
  6 wind drakes
  3 hornets
  4 trolls
  A raiju (shapeshifter) (D:15)
  22 tarantellas
  A raiju (Gauntlet)
  2 glass eyes
  An ettin zombie (Depths:1)
  14 dream sheep
  10 blink frogs
  2 air elementals (Elf:1)
  14 snapping turtles
  3 spriggans
  8 slime creatures
  25 jumping spiders
  18 culicivoras
  5 wyverns
  Sigmund (D:2)
  3 wraiths
  An ettin skeleton (Depths:1)
  A hog (Elf:1)
  6 steam dragons
  A fire bat (Lair:3)
  14 water elementals
  14 yaks
  A basilisk (D:15)
  A yak (shapeshifter) (Elf:3)
  A human (Spider:4)
  A neqoxec (Gauntlet)
  A death yak simulacrum (Lair:5)
  24 redbacks
  5 wargs
  3 chaos spawn (Gauntlet)
  A redback (shapeshifter) (D:13)
  9 vampire mosquitoes
  A human zombie (Depths:1)
  A spectral cane toad (Lair:5)
  8 water moccasins
  An acid dragon (D:11)
  Duvessa (D:7)
  An ice beast (D:7)
  A tengu skeleton (Depths:1)
  Pargi (D:3)
  11 orc warriors
  2 laughing skulls (D:14)
  5 black bears
  16 wolves
  An ettin simulacrum (Depths:1)
  2 tengu (Spider:4)
  23 centaurs
  3 ogres
  12 kobold brigands
  5 bullfrogs
  2 gnoll sergeants
  6 earth elementals
  3 scorpions
  Dowan (D:7)
  2 elephant simulacra (Lair:5)
  3 killer bees (D:10)
  4 electric eels
  13 howler monkeys
  A bombardier beetle (D:6)
  6 jellies
  5 hounds
  30 orc priests
  3 hell rats (Lair:3)
  An iguana (D:5)
  27 orc wizards
  10 gnolls
  5 adders
  2 river rats
  4 white imps
  6 ufetubi
  2 dart slugs
  2 ribbon worms (D:3)
  56 orcs
  6 ball pythons
  3 endoplasms
  3 giant cockroaches
  5 hobgoblins
  13 jackals
  11 kobolds
  3 quokkas
  8 bats
  2 frilled lizards
  7 goblins
  8 rats
  A spectral hobgoblin (D:5)
1221 creatures vanquished.

Vanquished Creatures (collateral kills)
  Gastronok (D:11)
  2 broodmothers (Spider:4)
  A deep elf annihilator (Elf:1)
  An entropy weaver (Spider:2)
  An ice dragon (Depths:2)
  2 rakshasas
  2 hydras
  A two-headed ogre (D:11)
  A deep troll shaman (Depths:2)
  2 orc high priests (Orc:2)
  3 death yaks
  2 sea snakes (Shoals:3)
  A deep troll (Depths:2)
  A deep elf archer (Elf:1)
  2 ugly things (D:15)
  A deep elf pyromancer (Elf:2)
  An orc sorcerer (Orc:2)
  A manticore (Shoals:4)
  4 elephants
  2 black mambas
  A cane toad (shapeshifter) (Elf:1)
  5 cane toads
  A komodo dragon (Lair:3)
  A troll (D:10)
  A tengu conjurer (Depths:2)
  5 merfolk (Shoals:4)
  A tarantella (Spider:4)
  10 blink frogs
  9 dream sheep
  An air elemental (Elf:1)
  4 jumping spiders
  A culicivora (Lair:2)
  3 slime creatures (D:11)
  2 water elementals
  A wraith (D:11)
  6 yaks (Lair:2)
  3 redbacks
  3 water moccasins
  3 orc warriors (Orc:2)
  3 wolves
  An elephant skeleton (Lair:5)
  2 kobold brigands (D:9)
  A bullfrog (Lair:4)
  9 wights (D:9)
  4 killer bees
  An electric eel (D:10)
  6 orc priests
  2 hounds (D:10)
  4 orc wizards
  3 hell rats (Lair:3)
  8 orcs
  3 kobolds (D:9)
140 creatures vanquished.

Vanquished Creatures (others)
  2 eldritch tentacles
  A deep elf sorcerer (Elf:3)
  2 deep elf elementalists (Elf:3)
  2 broodmothers (Spider:4)
  A deep elf high priest (Elf:3)
  An entropy weaver (Spider:4)
  A death knight (D:15)
  3 dancing weapons
  A deep elf knight (Elf:3)
  A sea snake (Shoals:3)
  2 deep elf zephyrmancers
  An ugly thing (D:14)
  A wolf spider (Spider:2)
  A faun (Shoals:1)
  A cane toad (Lair:1)
  2 tarantellas
  A glass eye (Elf:1)
  A jumping spider (Lair:2)
  A yak (Lair:1)
  An elephant simulacrum (Lair:5)
  2 orc wizards
  A centaur simulacrum (D:9)
  An orc (D:10)
31 creatures vanquished.

Grand Total: 1392 creatures vanquished

Notes
Turn   | Place    | Note
-------+----------+-------------------------------------------
     0 | D:1      | Khashishi the Kobold Chaos Knight began the quest for the
                  | Orb.
     0 | D:1      | Reached XP level 1. HP: 14/14 MP: 1/1
    75 | D:1      | Reached skill level 1 in Stealth
    75 | D:1      | Reached XP level 2. HP: 9/19 MP: 2/2
   345 | D:1      | Reached XP level 3. HP: 23/23 MP: 3/3
   512 | D:1      | XOM: silly message
   580 | D:1      | XOM: silly message
   704 | D:2      | Noticed Sigmund
   730 | D:2      | Found a shadowy altar of Dithmenos.
   734 | D:2      | XOM: potion effect (might)
   742 | D:2      | Killed Sigmund
   743 | D:2      | Reached skill level 5 in Short Blades
   743 | D:2      | Reached XP level 4. HP: 15/30 MP: 4/4
   743 | D:2      | Reached XP level 5. HP: 17/34 MP: 5/5
   743 | D:2      | Reached XP level 6. HP: 19/39 MP: 6/6
   786 | D:2      | XOM: silly message
   991 | D:2      | XOM: silly message
  1415 | D:3      | XOM: silly message
  1697 | D:3      | Found a bloodstained altar of Trog.
  1698 | D:3      | Found a shadowy altar of Dithmenos.
  1717 | D:3      | Noticed Pargi
  1729 | D:3      | Killed Pargi
  1922 | D:3      | XOM: silly message
  2108 | D:4      | Noticed a wyvern
  2114 | D:4      | Killed a wyvern
  2115 | D:4      | Reached skill level 5 in Fighting
  2115 | D:4      | Reached skill level 6 in Short Blades
  2115 | D:4      | Reached XP level 7. HP: 25/44 MP: 7/7
  2172 | D:4      | XOM: silly message
  2175 | D:4      | Reached skill level 5 in Dodging
  2175 | D:4      | Reached skill level 5 in Stealth
  2446 | D:4      | XOM: silly message
  2588 | D:4      | XOM: 4-stop teleportation journey
  2673 | D:5      | Entered Level 5 of the Dungeon
  2785 | D:5      | Reached XP level 8. HP: 35/50 MP: 8/8
  2961 | D:5      | Found a hazy altar of Hepliaklqana.
  3054 | D:5      | a centaur changed into a wyvern
  3054 | D:5      | Noticed a wyvern
  3058 | D:5      | XOM: silly message
  3062 | D:5      | XOM: silly message
  3065 | D:5      | Killed a wyvern
  3066 | D:5      | Reached skill level 7 in Short Blades
  3066 | D:5      | Reached skill level 1 in Throwing
  3213 | D:5      | Identified the +1 scale mail "Awuy" {rF+}
  3353 | D:5      | XOM: noise
  3456 | D:6      | Found a runed translucent gate.
  3457 | D:6      | Found a runed translucent gate.
  3469 | D:6      | XOM: polymorph centaur -> ball python
  3498 | D:6      | Reached XP level 9. HP: 7/56 MP: 9/9
  3676 | D:6      | Identified the +1 mace "Xaifummu" {speed, rC+ Int+6}
  3714 | D:6      | Found a runed translucent gate.
  3721 | D:6      | XOM: enchant monster (bad)
  3766 | D:6      | Reached skill level 8 in Short Blades
  3793 | D:6      | XOM: polymorph orc -> frilled lizard
  3833 | D:6      | XOM: cloud trail
  4050 | D:6      | XOM: enchant monster (bad)
  4152 | D:6      | XOM: noise
  4344 | D:6      | XOM: give mutation
  4344 | D:6      | Gained mutation: You passively map a small area around you.
                  | [Xom's mischief]
  4482 | D:6      | Noticed Azoth's ghost (novice DESu)
  4483 | D:6      | Noticed a kobold demonologist
  4515 | D:6      | XOM: silly message
  4578 | D:7      | Noticed Maggie
  4582 | D:7      | Killed Maggie
  4597 | D:7      | Found a staircase to the Ecumenical Temple.
  4612 | Temple   | Entered the Ecumenical Temple
  4627 | D:7      | Reached skill level 1 in Armour
  4661 | D:7      | XOM: cast spell 'Chain of Chaos'
  4895 | D:7      | Noticed Duvessa
  4896 | D:7      | Noticed Dowan
  4899 | D:7      | Killed Duvessa
  4905 | D:7      | Killed Dowan
  5279 | D:7      | Found a basalt altar of Yredelemnul.
  5440 | D:8      | XOM: cloud trail
  5481 | D:8      | XOM: god gift: wand of charming (4)
  5495 | D:8      | XOM: give mutations
  5495 | D:8      | Gained mutation: Your flesh is heat resistant. (rF+) [Xom's
                  | grace]
  5495 | D:8      | Gained mutation: You are partially covered in large bone
                  | plates. (SH +4) [Xom's grace]
  5495 | D:8      | Gained mutation: Your muscles are strong. (Str +4, Int/Dex
                  | -1) [Xom's grace]
  5595 | D:8      | Killed an unseen horror
  5596 | D:8      | Reached skill level 9 in Short Blades
  5596 | D:8      | Reached XP level 10. HP: 40/63 MP: 10/10
  5733 | D:8      | Reached skill level 5 in Throwing
  5893 | D:8      | XOM: 1-stop teleportation journey
  5925 | D:8      | XOM: swap monsters
  5936 | D:8      | XOM: swap monsters
  6455 | D:9      | Found a sparkling altar of Nemelex Xobeh.
  6500 | D:9      | Found a basalt altar of Yredelemnul.
  6505 | D:9      | Reached skill level 1 in Evocations
  6508 | D:9      | XOM: cast spell 'Olgreb's Toxic Radiance'
  6520 | D:9      | XOM: destruction
  6522 | D:9      | XOM: confuse monster(s)
  6536 | D:9      | XOM: god gift: scroll labelled AMO YKOJISO {god gift}
  6538 | D:9      | XOM: confuse monster(s)
  6542 | D:9      | Reached skill level 10 in Short Blades
  6808 | D:9      | XOM: summons friendly sun demon
  6937 | D:9      | Reached skill level 10 in Stealth
  6949 | D:9      | Reached XP level 11. HP: 69/69 MP: 11/11
  7066 | D:9      | Identified the amulet of Rohilo Cequ {RegenMP rPois rN+
                  | rCorr Dex-2}
  7384 | D:10     | Entered Level 10 of the Dungeon
  7384 | D:10     | Noticed a tengu warrior
  7384 | D:10     | Noticed a tengu warrior
  7385 | D:10     | Killed a tengu warrior
  7387 | D:10     | Killed a tengu warrior
  7393 | D:10     | XOM: noise
  7747 | D:10     | XOM: enchant monster (good)
  7756 | D:10     | Reached skill level 5 in Evocations
  7775 | D:10     | Found a staircase to the Lair.
  7879 | D:10     | XOM: give mutations
  7879 | D:10     | Gained mutation: You are covered in fur. (AC +1) [Xom's
                  | mischief]
  7879 | D:10     | Gained mutation: You are mostly covered in large bone
                  | plates. (SH +6) [Xom's mischief]
  7879 | D:10     | Lost mutation: You passively map a small area around you.
                  | [Xom's mischief]
  7879 | D:10     | Gained mutation: You occasionally shout uncontrollably at
                  | your foes. [Xom's mischief]
  7881 | D:10     | Noticed Fannar
  7895 | D:10     | XOM: divine lightning
  7905 | D:10     | Killed Fannar
  7989 | D:10     | Identified the +2 ring mail of Tulips {*Slow Regen+ Dex+3}
  8257 | Lair:1   | Entered Level 1 of the Lair of Beasts
  8269 | Lair:1   | XOM: summons friendly shadow imp
  8272 | Lair:1   | XOM: cast spell 'Summon Mana Viper'
  8340 | Lair:1   | XOM: polymorph wyvern -> river rat
  8505 | Lair:1   | HP: 2/71 [cane toad (17)]
  8673 | Lair:1   | XOM: confuse monster(s)
  8673 | Lair:1   | XOM: butterfly on damage
  8805 | Lair:1   | XOM: summons 1 hostile demon
  8860 | Lair:1   | Reached XP level 12. HP: 77/77 MP: 12/12
  8909 | Lair:1   | XOM: potion effect (heal wounds)
  9145 | Lair:1   | XOM: scenery: summon butterflies
  9311 | Lair:2   | Reached skill level 10 in Fighting
  9311 | Lair:2   | XOM: enchant monster (good)
  9317 | Lair:2   | Reached skill level 11 in Short Blades
  9328 | Lair:2   | Noticed a six-headed hydra
  9356 | Lair:2   | XOM: cast spell 'Summon Mana Viper'
  9360 | Lair:2   | Killed a six-headed hydra
  9405 | Lair:2   | Found a hole to the Spider Nest.
  9602 | Lair:2   | Found a large runed translucent door.
  9602 | Lair:2   | Found a large runed translucent door.
  9603 | Lair:2   | Noticed justen's ghost (journeyman TrSh)
  9811 | Lair:2   | XOM: divination: detect items
  9817 | Lair:2   | XOM: cast spell 'Disjunction'
  9827 | Lair:2   | XOM: silly message
 10194 | Lair:3   | Noticed Snorg
 10194 | Lair:3   | Snorg changed into Snorg the fire bat
 10194 | Lair:3   | Noticed Snorg
 10194 | Lair:3   | XOM: polymorph Snorg -> Snorg the fire bat
 10216 | Lair:3   | XOM: fake destruction
 10217 | Lair:3   | Killed Snorg the fire bat
 10226 | Lair:3   | XOM: confuse monster(s)
 10316 | Lair:3   | XOM: cleaving
 10349 | Lair:3   | XOM: fog
 10366 | Lair:3   | XOM: polymorph wolf -> jackal
 10415 | Lair:3   | XOM: divination: detect items
 10422 | Lair:3   | Found a staircase to the Shoals.
 10434 | Lair:3   | Reached skill level 12 in Short Blades
 10439 | Lair:3   | XOM: potion effect (haste)
 10458 | Shoals:1 | Entered Level 1 of the Shoals
 10490 | Lair:3   | Upgraded the game from 0.31-a0-1522-g43313d8a59 to
                  | 0.31-a0-1540-g5a0b83f448
 10504 | Lair:3   | Noticed a seven-headed hydra
 10510 | Lair:3   | Reached XP level 13. HP: 84/84 MP: 13/13
 10530 | Lair:3   | Killed a seven-headed hydra
 10531 | Lair:3   | Reached skill level 10 in Dodging
 10560 | Lair:3   | XOM: silly message
 10701 | Lair:3   | XOM: noise
 10900 | Lair:3   | XOM: noise
 10901 | Lair:3   | XOM: noise
 10972 | Lair:3   | You fall into a shaft and drop 2 floors!
 10972 | Lair:5   | Entered Level 5 of the Lair of Beasts
 10981 | Lair:5   | XOM: potion effect (curing)
 11037 | Lair:5   | Reached skill level 1 in Shields
 11049 | Lair:5   | XOM: potion effect (brilliance)
 11057 | Lair:5   | XOM: potion effect (might)
 11068 | Lair:5   | Noticed a dire elephant
 11068 | Lair:5   | Noticed a dire elephant
 11068 | Lair:5   | Noticed a dire elephant
 11101 | Lair:5   | Reached skill level 5 in Armour
 11272 | Lair:5   | XOM: divination: detect creatures
 11278 | Lair:5   | XOM: potion effect (haste)
 11292 | Lair:5   | XOM: potion effect (invisibility)
 11299 | Lair:5   | XOM: potion effect (invisibility)
 11320 | Lair:5   | XOM: silly message
 11324 | Lair:5   | XOM: potion effect (attraction)
 11326 | Lair:5   | XOM: potion effect (invisibility)
 11336 | Lair:5   | XOM: divination: detect items
 11337 | Lair:5   | XOM: silly message
 11354 | Lair:5   | XOM: divination: detect creatures
 11390 | Lair:5   | Reached XP level 14. HP: 75/91 MP: 14/14
 11395 | Lair:5   | XOM: enchant monster (good)
 11406 | Lair:5   | XOM: butterfly on damage
 11408 | Lair:5   | Reached skill level 13 in Short Blades
 11466 | Lair:5   | Reached skill level 10 in Evocations
 11627 | Lair:5   | Found a white marble altar of Elyvilon.
 11782 | Lair:5   | XOM: potion effect (might)
 12063 | Lair:4   | Found a staircase to the Slime Pits.
 12153 | Lair:4   | XOM: butterfly on damage
 12154 | Lair:4   | XOM: confusion
 12262 | Lair:4   | XOM: 1-stop teleportation journey
 12379 | Lair:4   | Got the Volume of Combat Magic and Fire
 12489 | Lair:4   | XOM: give mutations
 12489 | Lair:4   | Gained mutation: You have hidden genetic defects. [Xom's
                  | mischief]
 12489 | Lair:4   | Gained mutation: You have large cloven feet. [Xom's
                  | mischief]
 12498 | Lair:4   | Identified the +0 mace "Ubbigax" {freeze, rF+ rC+ rN+}
 12560 | Lair:4   | XOM: give mutation
 12560 | Lair:4   | Lost mutation: You are mostly covered in large bone plates.
                  | (SH +6) [Xom's mischief]
 12616 | Lair:4   | XOM: blink monster(s)
 12847 | Lair:4   | XOM: torment (52/92 hp)
 12867 | Lair:4   | Reached skill level 14 in Short Blades
 12867 | Lair:4   | Reached XP level 15. HP: 45/97 MP: 15/15
 12940 | Lair:4   | XOM: give mutations
 12940 | Lair:4   | Lost mutation: You have large cloven feet. [Xom's mischief]
 12940 | Lair:4   | Gained mutation: You are partially covered in iridescent
                  | scales. (AC +2) [Xom's mischief]
 12940 | Lair:4   | Gained mutation: Your spells are a little harder to cast,
                  | but a little more powerful. [Xom's mischief]
 12940 | Lair:4   | Gained mutation: You are clumsy. (Dex -2) [Xom's mischief]
 12942 | Lair:4   | Lost mutation: Your flesh is heat resistant. (rF+) [potion
                  | of mutation]
 12942 | Lair:4   | Lost mutation: Your spells are a little harder to cast, but
                  | a little more powerful. [potion of mutation]
 12942 | Lair:4   | Gained mutation: You have a pair of small horns on your
                  | head. [potion of mutation]
 12942 | Lair:4   | Gained mutation: You are mostly covered in iridescent
                  | scales. (AC +4) [potion of mutation]
 12942 | Lair:4   | Gained mutation: Your system is resistant to poisons.
                  | (rPois) [potion of mutation]
 13037 | Lair:4   | XOM: draining
 13646 | D:11     | Noticed Gastronok
 13654 | D:11     | Killed Gastronok
 13662 | D:11     | Gained mutation: Your body sometimes deteriorates upon
                  | taking damage. [hidden defects]
 13784 | D:11     | XOM: give mutations
 13784 | D:11     | Lost mutation: Your system is resistant to poisons. (rPois)
                  | [Xom's mischief]
 13784 | D:11     | Lost mutation: Your muscles are strong. (Str +4, Int/Dex
                  | -1) [Xom's mischief]
 13850 | D:11     | Found a staircase to the Orcish Mines.
 13945 | D:11     | XOM: summons 8 hostile demons
 13988 | D:11     | Found a runed translucent door.
 13990 | D:11     | Noticed superbruh's ghost (journeyman OnCA)
 14022 | D:11     | XOM: scenery: 2 doors open
 14032 | D:11     | XOM: confusion
 14034 | D:11     | XOM: enchant monster (good)
 14043 | D:11     | XOM: summons 7 friendly demons
 14051 | D:11     | XOM: divination: detect creatures
 14063 | D:11     | XOM: chaos upgrade
 14072 | D:11     | XOM: cast spell 'Animate Armour'
 14100 | D:11     | XOM: enchant monster (bad)
 14118 | D:11     | XOM: butterfly on damage
 14119 | D:11     | Killed superbruh's ghost
 14400 | D:11     | XOM: summons 1 hostile demon
 14467 | D:11     | XOM: give mutations
 14467 | D:11     | Lost mutation: You are covered in fur. (AC +1) [Xom's
                  | mischief]
 14467 | D:11     | Gained mutation: You have a pair of horns on your head.
                  | [Xom's mischief]
 14648 | D:11     | XOM: divination: detect creatures
 14890 | D:12     | Found a transporter.
 14973 | D:12     | Found a transporter.
 15070 | D:12     | Gained mutation: Your magical capacity is low. (-10% MP)
                  | [hidden defects]
 15070 | D:12     | Lost mutation: You have hidden genetic defects. [hidden
                  | defects expressed]
 15091 | D:12     | XOM: 2-stop teleportation journey
 15504 | D:13     | Found a gate leading to a gauntlet.
 15524 | Gauntlet | Entered a Gauntlet
 15524 | Gauntlet | Found a transporter.
 15533 | Gauntlet | Found a transporter.
 15544 | Gauntlet | Found a runed translucent gate.
 15553 | Gauntlet | Found a transporter.
 15562 | Gauntlet | Found a transporter.
 15565 | Gauntlet | Found a transporter.
 15583 | Gauntlet | Found a transporter.
 15593 | Gauntlet | Found a transporter.
 15600 | Gauntlet | Found a transporter.
 15621 | Gauntlet | Found a transporter.
 15640 | Gauntlet | Found a transporter.
 15652 | Gauntlet | Found a transporter.
 15684 | Gauntlet | Found a runed translucent gate.
 15712 | Gauntlet | Found a runed translucent gate.
 15721 | Gauntlet | XOM: summons 4 hostile shadow creatures
 15756 | Gauntlet | Lost mutation: You are mostly covered in iridescent scales.
                  | (AC +4) [a neqoxec]
 15993 | Gauntlet | Found a transporter.
 15993 | Gauntlet | Found a transporter.
 16048 | Gauntlet | Found a transporter.
 16166 | Gauntlet | Identified the +3 rapier "Pissett" {drain, rPois rN++ Str-5
                  | SInv}
 16287 | D:13     | Reached XP level 16. HP: 105/105 MP: 14/14
 17265 | D:14     | Found a white marble altar of Elyvilon.
 17534 | D:14     | Paralysed by a vampire knight for 2 turns
 17537 | D:14     | XOM: divination: magic mapping
 17578 | D:14     | Noticed Roxanne
 17619 | D:14     | XOM: give mutations
 17619 | D:14     | Lost mutation: Your body sometimes deteriorates upon taking
                  | damage. [Xom's mischief]
 17619 | D:14     | Gained mutation: You are mostly covered in large bone
                  | plates. (SH +6) [Xom's mischief]
 17619 | D:14     | Lost mutation: You are partially covered in iridescent
                  | scales. (AC +2) [Xom's mischief]
 17619 | D:14     | Gained mutation: You are frail. (-10% HP) [Xom's mischief]
 17725 | D:14     | XOM: destruction
 17807 | D:14     | Found a gate to the Vaults.
 17926 | D:14     | XOM: confuse monster(s)
 17927 | D:14     | XOM: confuse monster(s)
 18208 | D:14     | XOM: 1-stop teleportation journey
 18282 | D:15     | Entered Level 15 of the Dungeon
 18323 | D:15     | Reached XP level 17. HP: 96/99 MP: 15/15
 18371 | D:15     | XOM: scenery: create altars
 18383 | D:15     | Found a staircase to the Depths.
 18431 | D:15     | XOM: 4-stop teleportation journey
 18519 | D:15     | XOM: cast spell 'Chain of Chaos'
 18574 | D:15     | XOM: cleaving
 18739 | D:15     | XOM: cast spell 'Dispersal'
 18864 | D:15     | XOM: divination: detect creatures
 18867 | D:15     | XOM: god gift: 52 gold pieces
 18905 | D:15     | XOM: fog
 18915 | D:15     | XOM: potion effect (haste)
 18920 | D:15     | XOM: potion effect (attraction)
 18927 | D:15     | XOM: silly message
 18941 | D:15     | XOM: silly message
 18972 | D:15     | XOM: silly message
 19050 | D:15     | XOM: divination: detect items
 19702 | D:12     | XOM: divination: magic mapping
 19703 | D:12     | XOM: torment (66/100 hp)
 19704 | D:12     | XOM: polymorph orc high priest -> glowing shapeshifter
 19710 | D:12     | XOM: enchant monster (bad)
 20063 | Orc:1    | Entered Level 1 of the Orcish Mines
 20369 | Orc:1    | XOM: summons 3 hostile shadow creatures
 20380 | Orc:1    | XOM: 3-stop teleportation journey
 20381 | Orc:1    | XOM: give mutation
 20381 | Orc:1    | Gained mutation: Your spells are a little easier to cast,
                  | but a little less powerful. [Xom's mischief]
 20420 | Orc:2    | Entered Level 2 of the Orcish Mines
 20420 | Orc:2    | Found a staircase to the Elven Halls.
 20463 | Orc:1    | XOM: butterfly on damage
 20463 | Orc:1    | XOM: smoke on damage
 20718 | Orc:1    | XOM: give mutations
 20718 | Orc:1    | Lost mutation: You are frail. (-10% HP) [Xom's mischief]
 20718 | Orc:1    | Gained mutation: You have hidden genetic potential. [Xom's
                  | mischief]
 21000 | Orc:2    | Found Gumidgh's Antique Weapon Shop.
 21065 | Orc:2    | XOM: give mutations
 21065 | Orc:2    | Gained mutation: Armour fits poorly on your strangely
                  | shaped body. [Xom's mischief]
 21065 | Orc:2    | Lost mutation: You have a pair of horns on your head.
                  | [Xom's mischief]
 21065 | Orc:2    | Gained mutation: You occasionally lose the ability to read
                  | scrolls when taking damage. [Xom's mischief]
 21065 | Orc:2    | Gained mutation: You have great hidden genetic potential.
                  | [Xom's mischief]
 21075 | Orc:2    | XOM is BORED!
 21075 | Orc:2    | XOM: summons 6 hostile demons
 21079 | Orc:2    | XOM: noise
 21156 | D:10     | XOM: give mutations
 21156 | D:10     | Lost mutation: You have great hidden genetic potential.
                  | [Xom's mischief]
 21156 | D:10     | Lost mutation: You have hidden genetic potential. [Xom's
                  | mischief]
 21156 | D:10     | Gained mutation: You are somewhat resistant to further
                  | mutation. [Xom's mischief]
 21156 | D:10     | Lost mutation: Your magical capacity is low. (-10% MP)
                  | [Xom's mischief]
 21156 | D:10     | Lost mutation: Armour fits poorly on your strangely shaped
                  | body. [Xom's mischief]
 21179 | D:10     | Upgraded the game from 0.31-a0-1540-g5a0b83f448 to
                  | 0.31-a0-1549-g5ff9445e89
 21292 | Orc:2    | XOM: 3-stop teleportation journey
 21332 | Orc:2    | XOM: chaos upgrade
 21340 | Orc:2    | XOM: noise
 21394 | Orc:2    | Reached skill level 10 in Throwing
 21593 | Orc:2    | Found Eheo's Weapon Boutique.
 21594 | Orc:2    | Found Harghoij's Distillery.
 21596 | Orc:2    | Found Venwinul's General Store.
 21596 | Orc:2    | Found Inebruj's Book Shop.
 21654 | Orc:2    | XOM: give mutations
 21654 | Orc:2    | Gained mutation: Your mind is acute. (Int +4, Str/Dex -1)
                  | [Xom's grace]
 21654 | Orc:2    | Gained mutation: You are robust. (+10% HP) [Xom's grace]
 21654 | Orc:2    | Lost mutation: You are somewhat resistant to further
                  | mutation. [Xom's grace]
 21654 | Orc:2    | Gained mutation: You have hidden genetic potential. [Xom's
                  | grace]
 21654 | Orc:2    | Gained mutation: Your natural rate of healing is unusually
                  | fast. [Xom's grace]
 21738 | Orc:2    | Found an iron altar of Okawaru.
 21835 | Orc:2    | XOM: noise
 21880 | Orc:2    | Reached skill level 15 in Stealth
 21905 | Orc:2    | Bought a manual of Shields for 1040 gold pieces
 22041 | Spider:1 | Entered Level 1 of the Spider Nest
 22041 | Spider:1 | XOM: cast spell 'Dispersal'
 22078 | Spider:1 | XOM: 1-stop teleportation journey
 22101 | Spider:1 | XOM: silly message
 22117 | Spider:1 | Found a transporter.
 22138 | Spider:1 | XOM: polymorph tarantella -> fire bat
 22141 | Spider:1 | XOM: polymorph fire bat -> ettin
 22146 | Spider:1 | XOM: scenery: create altars
 22148 | Spider:1 | Reached skill level 15 in Short Blades
 22217 | Spider:1 | XOM: confusion
 22218 | Spider:1 | XOM: scenery: summon butterflies
 22248 | Spider:1 | XOM: 1-stop teleportation journey
 22253 | Spider:1 | XOM: silly message
 22375 | Spider:1 | XOM: 1-stop teleportation journey
 22467 | Spider:1 | XOM: stat loss: -1 Str (4/5)
 22483 | Spider:1 | XOM: god gift: hat {god gift}
 22487 | Spider:1 | XOM: scenery: summon butterflies
 22548 | Spider:1 | XOM: scenery: summon butterflies
 22699 | Spider:1 | Identified the +1 scale mail of the Flute {+Inv}
 22746 | Spider:1 | XOM: summons friendly crimson imp
 22835 | Spider:1 | Found a transporter.
 22838 | Spider:1 | Noticed ShellytheWitch's ghost (adept KoBr)
 22892 | Spider:1 | Reached skill level 5 in Shields
 23014 | Spider:1 | Reached skill level 15 in Fighting
 23070 | Spider:1 | Reached XP level 18. HP: 130/130 MP: 18/18
 23188 | Spider:2 | XOM: scenery: summon butterflies
 23254 | Spider:2 | Reached skill level 15 in Dodging
 23254 | Spider:2 | Reached XP level 19. HP: 125/136 MP: 19/19
 23427 | Spider:2 | XOM: summons 2 friendly demons
 23544 | Spider:2 | XOM: potion effect (invisibility)
 23546 | Spider:2 | XOM: polymorph orb spider -> tarantella
 23547 | Spider:2 | XOM: noise
 23562 | Spider:2 | XOM: potion effect (brilliance)
 23706 | Spider:2 | XOM: swap monsters
 24068 | Spider:3 | XOM: summons friendly crimson imp
 24072 | Spider:3 | XOM: polymorph crimson imp -> ufetubus
 24084 | Spider:3 | XOM: potion effect (haste)
 24146 | Spider:3 | XOM: divination: detect creatures
 24701 | Spider:3 | XOM: silly message
 24874 | Spider:3 | XOM: potion effect (invisibility)
 24890 | Spider:4 | Entered Level 4 of the Spider Nest
 24900 | Spider:4 | Gained mutation: Your movements are slightly less
                  | encumbered by armour. (ER -2) [hidden potential]
 25022 | Spider:3 | Reached skill level 15 in Evocations
 25047 | Spider:3 | XOM: silly message
 25240 | Spider:3 | XOM: silly message
 25256 | Spider:3 | XOM: silly message
 25320 | Spider:3 | XOM: divination: detect items
 25531 | Spider:4 | XOM: confuse monster(s)
 25567 | Spider:4 | XOM: noise
 25844 | Spider:4 | XOM: noise
 25873 | Spider:4 | XOM: potion effect (heal wounds)
 25932 | Spider:4 | XOM: silly message
 26130 | Spider:4 | XOM: noise
 26297 | Spider:4 | XOM: fog
 26381 | Spider:4 | XOM: divination: detect items
 26382 | Spider:4 | XOM: summons friendly shadow imp
 26396 | Spider:4 | XOM: polymorph steelbarb worm -> yak
 26412 | Spider:4 | XOM: enchant monster (good)
 26417 | Spider:4 | XOM: summons friendly white imp
 26438 | Spider:4 | XOM: summons 8 friendly demons
 26515 | Spider:3 | XOM: summons friendly white imp
 26534 | Spider:3 | XOM: scenery: create altars
 26577 | Spider:4 | XOM: polymorph redback -> tengu
 26579 | Spider:4 | XOM: enchant monster (good)
 26610 | Spider:4 | XOM: confuse monster(s)
 26635 | Spider:4 | Reached XP level 20. HP: 145/145 MP: 20/20
 26732 | Spider:4 | Got a gossamer rune of Zot
 26822 | Spider:4 | Noticed Nikola
 26833 | Spider:4 | Killed Nikola
 27162 | D:6      | XOM: enchant monster (bad)
 27164 | D:6      | XOM: fog
 27189 | D:6      | Killed Azoth's ghost
 27417 | Lair:2   | XOM: give mutations
 27417 | Lair:2   | Gained mutation: You are weak. (Str -2) [Xom's mischief]
 27417 | Lair:2   | Lost mutation: Your movements are slightly less encumbered
                  | by armour. (ER -2) [Xom's mischief]
 27417 | Lair:2   | Lost mutation: You are robust. (+10% HP) [Xom's mischief]
 27417 | Lair:2   | Lost mutation: You have hidden genetic potential. [Xom's
                  | mischief]
 27436 | Lair:3   | XOM: potion effect (might)
 27444 | Lair:3   | XOM: divination: detect creatures
 27452 | Lair:3   | XOM: enchant monster (bad)
 27453 | Lair:3   | Killed justen's ghost
 27507 | D:10     | Lost mutation: Your mind is acute. (Int +4, Str/Dex -1)
                  | [potion of mutation]
 27507 | D:10     | Lost mutation: You have a pair of small horns on your head.
                  | [potion of mutation]
 27507 | D:10     | Gained mutation: Your system is resistant to poisons.
                  | (rPois) [potion of mutation]
 27507 | D:10     | Gained mutation: You have hidden genetic defects. [potion
                  | of mutation]
 27508 | D:10     | Lost mutation: You are clumsy. (Dex -2) [potion of
                  | mutation]
 27508 | D:10     | Lost mutation: You have hidden genetic defects. [potion of
                  | mutation]
 27508 | D:10     | Lost mutation: You are weak. (Str -2) [potion of mutation]
 27508 | D:10     | Gained mutation: You are vulnerable to heat. (rF-) [potion
                  | of mutation]
 27511 | Lair:1   | Upgraded the game from 0.31-a0-1549-g5ff9445e89 to
                  | 0.31-a0-1576-ga3383bade6
 27714 | Shoals:1 | XOM: divination: detect items
 28108 | Shoals:1 | XOM: cast spell 'Malign Gateway'
 28227 | Shoals:1 | XOM: confuse monster(s)
 28265 | Shoals:1 | XOM: 3-stop teleportation journey
 28648 | Shoals:1 | XOM: give mutations
 28648 | Shoals:1 | Gained mutation: You have a pair of small antennae on your
                  | head. [Xom's grace]
 28648 | Shoals:1 | Lost mutation: Your spells are a little easier to cast, but
                  | a little less powerful. [Xom's grace]
 28751 | Shoals:1 | XOM: silly message
 28867 | Shoals:2 | XOM: 2-stop teleportation journey
 28868 | Shoals:2 | Noticed Frances
 28870 | Shoals:2 | Found Muttorph's Self-Improvement Boutique.
 28872 | Shoals:2 | Killed Frances
 28878 | Shoals:2 | Bought a manual of Short Blades for 1040 gold pieces
 28888 | Shoals:2 | XOM: polymorph steelbarb worm -> black mamba
 28921 | Shoals:2 | XOM: silly message
 28992 | Shoals:2 | XOM: destruction
 29013 | Shoals:2 | XOM: snakes to sticks
 29022 | Shoals:2 | XOM: blink monster(s)
 29066 | Shoals:2 | XOM: noise
 29363 | Shoals:2 | XOM: butterfly on damage
 29385 | Shoals:2 | XOM: summons friendly quasit
 29386 | Shoals:2 | Reached skill level 10 in Shields
 29477 | Shoals:2 | Upgraded the game from 0.31-a0-1576-ga3383bade6 to
                  | 0.31-a0-1603-gbec6b6ccbf
 29762 | Shoals:2 | XOM: scenery: summon butterflies
 29906 | Shoals:2 | XOM: polymorph faun -> shapeshifter
 29907 | Shoals:2 | XOM: scenery: summon butterflies
 29949 | Shoals:2 | Reached skill level 16 in Short Blades
 30391 | Shoals:3 | XOM: noise
 30422 | Shoals:3 | XOM: enchant monster (good)
 30515 | Shoals:3 | XOM: 1-stop teleportation journey
 30679 | Shoals:3 | XOM: divination: magic mapping
 30720 | Shoals:3 | XOM: fog
 30992 | Shoals:3 | XOM: summons 9 friendly demons
 31003 | Shoals:3 | XOM: confusion (+ monsters)
 31009 | Shoals:3 | XOM: enchant monster (bad)
 31246 | Shoals:3 | XOM: noise
 31579 | Shoals:3 | XOM: summons 7 friendly demons
 31581 | Shoals:3 | XOM: summons 3 friendly demons
 31589 | Shoals:3 | XOM: divination: magic mapping
 31657 | Shoals:3 | Identified the +7 scimitar "Guakkauh" {freeze, *Corrode
                  | rPois Int-5 Dex+9}
 31749 | Shoals:4 | Entered Level 4 of the Shoals
 31751 | Shoals:4 | Found a runed translucent door.
 31751 | Shoals:4 | Noticed Zonian's ghost (adept VSFi)
 31751 | Shoals:4 | Found the ring of Shadows {Umbra +Inv Stlth+}
 31781 | Shoals:4 | XOM: divination: detect items
 31798 | Shoals:4 | XOM: 7-stop teleportation journey
 31911 | Shoals:4 | Reached XP level 21. HP: 139/139 MP: 21/21
 31997 | Shoals:4 | Reached skill level 17 in Short Blades
 32028 | Shoals:4 | Got a barnacled rune of Zot
 32050 | Shoals:4 | XOM: butterfly on damage
 32175 | Shoals:4 | Identified the +10 scimitar of the Enchanted Forest {pain,
                  | *Noise Fly rElec Stlth+}
 32353 | Shoals:4 | Identified the ring "Exkizuy" {rElec Str+4 Dex+6}
 32465 | Shoals:4 | XOM: polymorph tarantella -> catoblepas
 32473 | Shoals:4 | XOM: cast spell 'Malign Gateway'
 32602 | Shoals:4 | XOM: give mutations
 32602 | Shoals:4 | Gained mutation: Your spells are a little harder to cast,
                  | but a little more powerful. [Xom's mischief]
 32602 | Shoals:4 | Gained mutation: You are frail. (-10% HP) [Xom's mischief]
 32644 | Shoals:4 | Got Lolock's Compendium of Vexing Formulae
 32679 | Shoals:4 | XOM: divination: magic mapping
 32686 | Shoals:4 | XOM: polymorph alligator snapping turtle -> faun
 32690 | Shoals:4 | XOM: cast spell 'Leda's Liquefaction'
 32975 | Shoals:4 | Killed Zonian's ghost
 33345 | Elf:1    | Entered Level 1 of the Elven Halls
 33365 | Elf:1    | Found a radiant altar of Vehumet.
 33374 | Elf:1    | XOM: cast spell 'Dispersal'
 33379 | Elf:1    | XOM: polymorph deep elf archer -> hog
 33537 | Elf:1    | XOM: confuse monster(s)
 33541 | Elf:1    | XOM: summons 16 friendly demons
 33631 | Elf:1    | Reached skill level 18 in Short Blades
 33718 | Elf:1    | XOM: confuse monster(s)
 33766 | Elf:1    | XOM: cast spell 'Disjunction'
 33799 | Elf:1    | Paralysed by an air elemental for 1 turns
 33805 | Elf:1    | XOM: cast spell 'Summon Cactus Giant'
 34149 | Elf:1    | XOM: scenery: summon butterflies
 34332 | Elf:2    | XOM: scenery: 2 doors open
 34407 | Elf:2    | XOM: fake destruction
 34669 | Elf:2    | Found a runed translucent gate.
 34670 | Elf:2    | Found a runed translucent gate.
 34670 | Elf:2    | Found a runed translucent gate.
 34895 | Elf:2    | XOM: 1-stop teleportation journey
 34900 | Elf:2    | Reached skill level 19 in Short Blades
 34902 | Elf:2    | Reached XP level 22. HP: 98/131 MP: 22/22
 35000 | Elf:2    | XOM: smoke on damage
 35368 | Elf:3    | Entered Level 3 of the Elven Halls
 35512 | Elf:3    | Noticed Boris
 35518 | Elf:3    | Killed Boris
 35887 | Elf:3    | XOM: destruction
 35910 | Elf:3    | Reached skill level 20 in Short Blades
 35917 | Elf:3    | XOM: summons friendly shadow imp
 35924 | Elf:3    | XOM: summons 3 friendly demons
 35934 | Elf:3    | XOM: summons friendly shadow imp
 35964 | Elf:3    | XOM: potion effect (brilliance)
 36100 | Elf:3    | Identified the +0 ring mail of Hangman {rPois rCorr Int+3
                  | Dex+2}
 36101 | Elf:3    | XOM: summons friendly crimson imp
 36162 | Elf:3    | Identified the +5 ring mail of Dellarch {+Inv Int-5 Dex+8}
 36185 | Elf:3    | Identified the +1 robe "Kelen" {Harm Str+2}
 36201 | Elf:3    | Identified the staff of Boaxt {rElec rN+ Summ Air}
 36205 | Elf:3    | Got Practicing Wizardry
 36231 | Elf:3    | Identified the +8 rapier "Darih" {heavy, rC- Will+ Int+2}
 36231 | Elf:3    | Found the +8 pair of quick blades "Gyre" and "Gimble"
                  | {protect}
 36244 | Elf:3    | Identified the +7 scimitar of a Billion Runes {flame,
                  | Int+4}
 36279 | Elf:3    | Identified the +5 scimitar of Bequeathed Optimality {flame,
                  | rCorr}
 36658 | Depths:1 | Entered Level 1 of the Depths
 36708 | Depths:1 | XOM: potion effect (heal wounds)
 36805 | Depths:1 | XOM: potion effect (experience)
 36805 | Depths:1 | Reached skill level 21 in Short Blades
 36805 | Depths:1 | Reached XP level 23. HP: 137/137 MP: 23/23
 36839 | Depths:1 | XOM: swap monsters
 36915 | Depths:1 | XOM: polymorph fire giant -> green very ugly thing
 37001 | Depths:1 | Found a gateway to Hell.
 37058 | Depths:1 | XOM: potion effect (attraction)
 37066 | Depths:1 | XOM: summons 2 friendly demons
 37072 | Depths:1 | XOM: silly message
 37219 | Depths:1 | XOM: give mutations
 37219 | Depths:1 | Lost mutation: Your natural rate of healing is unusually
                  | fast. [Xom's mischief]
 37219 | Depths:1 | Gained mutation: You are partially covered in iridescent
                  | scales. (AC +2) [Xom's mischief]
 37219 | Depths:1 | Lost mutation: Your spells are a little harder to cast, but
                  | a little more powerful. [Xom's mischief]
 37219 | Depths:1 | Lost mutation: You are frail. (-10% HP) [Xom's mischief]
 37240 | Depths:1 | Reached XP level 24. HP: 125/160 MP: 23/23
 37540 | Depths:1 | XOM: noise
 37596 | Depths:1 | Found a portal to a secret trove of treasure.
 37609 | Depths:1 | You paid a toll of 15 scrolls of teleportation to enter a
                  | treasure trove
 37610 | Trove    | Entered a treasure trove
 37636 | Trove    | Identified the +6 lajatang "Deunor" {antimagic, Will+ Str+2
                  | Stlth+}
 37779 | Depths:1 | XOM: noise
 37796 | Depths:1 | XOM: silly message
 38271 | Depths:1 | Found a basalt altar of Yredelemnul.
 38278 | Depths:1 | Reached skill level 22 in Short Blades
 38385 | Depths:1 | Upgraded the game from 0.31-a0-1603-gbec6b6ccbf to
                  | 0.31-a0-1611-g890cdf5628
 38448 | Depths:2 | Found a glowing golden altar of the Shining One.
 38471 | Depths:2 | Noticed Mara
 38488 | Depths:2 | Killed Mara
 38589 | Depths:2 | Found a one-way gate leading to the halls of Pandemonium.
 38602 | Depths:2 | XOM: silly message
 38692 | Depths:2 | XOM: 3-stop teleportation journey
 38760 | Depths:2 | Noticed a golden dragon
 38765 | Depths:2 | Killed a golden dragon
 38823 | Depths:2 | Noticed a juggernaut
 38825 | Depths:2 | XOM: 1-stop teleportation journey
 38921 | Depths:2 | XOM: give mutations
 38921 | Depths:2 | Lost mutation: Your system is resistant to poisons. (rPois)
                  | [Xom's mischief]
 38921 | Depths:2 | Gained mutation: Your muscles are strong. (Str +4, Int/Dex
                  | -1) [Xom's mischief]
 38921 | Depths:2 | Gained mutation: You are mostly covered in iridescent
                  | scales. (AC +4) [Xom's mischief]
 38921 | Depths:2 | Lost mutation: Your muscles are strong. (Str +4, Int/Dex
                  | -1) [Xom's mischief]
 38943 | Depths:2 | Noticed a juggernaut
 38970 | Depths:2 | XOM: 1-stop teleportation journey
 39099 | Depths:2 | XOM: noise
 39140 | Depths:2 | XOM: chaos cloud
 39145 | Depths:2 | Mangled by a spriggan berserker

Illustrated notes

Levels and vault maps discovered:
D:1:      amcnicky_arrival_feature_with_door, layout_basic
D:2:      layout_rooms, basic_altar, uniq_sigmund
D:3:      layout_loops_ring, chequers_temple_overflow_statue_of_worship,
          uniq_pargi
D:4:      layout_cave_pools, due_unseen_surprise
D:5:      layout_cave_pools, nicolae_hepliaklqana_monster_ancestors
D:6:      layout_basic, gammafunk_ghost_nasty_kobolds
D:7:      layout_loops_ring, mainiacjoe_overflow_alcove_2,
          minmay_temple_entry_statues_pillars, uniq_duvessa, uniq_maggie
D:8:      layout_loops_ring, grunt_ministairs_14
D:9:      layout_long_grid, old_standard_altar, st_stairs_7,
          minmay_ruined_shrine
D:10:     layout_basic, erik_lair_island, uniq_fannar
D:11:     layout_irregular_city, hiddenorc1_lemuel, ebering_ghost_inner_flame,
          uniq_gastronok
D:12:     gammafunk_wand_slinger, layout_loops_ring
D:13:     layout_irregular_city, gauntlet_entry_generic, minmay_misc_feat_tower
D:14:     layout_irregular_city, hellmonk_vaults_attempted_burglary,
          elyvilon_altar_3, minivault_5, uniq_roxanne
D:15:     gammafunk_enter_depths_forms, layout_loops_corners,
          chequers_serial_rivers_micro_e, nicolae_burly_brawl
Temple:   minmay_crystal_spiral_temple
Lair:1:   layout_cave_shapes, minivault_11, chequers_serial_rivers_small_b
Lair:2:   layout_hall_layers, nicolae_spider_entry_tight_spaces,
          ebering_ghost_disaster_area, gammafunk_lair_bear_cave
Lair:3:   layout_misc_corridors, minmay_shoals_entry_hut, grunt_megastairs_2,
          uniq_snorg
Lair:4:   layout_layer_cave, nicolae_slime_entry_field_trip, grunt_megastairs_4
Lair:5:   due_jungle_book, layout_misc_corridors, basic_altar,
          chequers_serial_rivers_micro_d
Shoals:1: layout_shoals, nicolae_shoals_water_shrine
Shoals:2: layout_shoals, nicolae_shop_self_help, uniq_frances
Shoals:3: cheibrodos_shoals_three_sisters, layout_shoals
Shoals:4: shoals_end_simple, layout_shoals, ebering_ghost_reflecting_pool
Spider:1: cheibrodos_forgotten_conduit, gammafunk_ghost_arena, drop_trap,
          hellmonk_narrow_tunnel
Spider:2: layout_spider_delve, nicolae_orb_island
Spider:3: layout_chambers, nicolae_spider_cling_halls
Spider:4: hellmonk_spider_rune_endless_swarm, guppyfry_spider_mini_1,
          uniq_nikola
Orc:1:    layout_caves
Orc:2:    st_orc_mages, layout_caves, serial_shops, shop_statue,
          okawaru_metal_pillars_1_2
Elf:1:    eino_elf_arrival_altar, layout_gridlike, minivault_28,
          onia_ninara_cookie
Elf:2:    nicolae_elf_blades_crystal_corner, layout_geoelf_octagon
Elf:3:    minmay_elf_hall, layout_geoelf_grid, minmay_misc_feat_pillars,
          uniq_boris
Depths:1: layout_gridlike, pf_hell_entry_tar_river, minmay_misc_feat_tiny,
          nicolae_trove_entry_crystal, kennysheep_small_spiral,
          nicolae_yredelemnul_corpse_copse
Depths:2: minmay_the_grid_square_5x5_5x5
          [minmay_the_grid_square_5x5_sharp_hourglass,
          minmay_the_grid_square_5x5_inverted_slash,
          minmay_the_grid_square_5x5_eight_small,
          minmay_the_grid_square_5x5_three_walls,
          minmay_the_grid_square_5x5_checkered_statues,
          minmay_the_grid_square_5x5_inner_i,
          minmay_the_grid_square_5x5_prize_gold,
          minmay_the_grid_square_5x5_pentomino_r,
          minmay_the_grid_square_5x5_prize_pseudospiral,
          minmay_the_grid_square_5x5_bridge, minmay_the_grid_square_5x5_inner_z,
          minmay_the_grid_square_5x5_broken_cross,
          minmay_the_grid_square_5x5_prize_monsterx,
          minmay_the_grid_square_5x5_z, minmay_the_grid_square_5x5_minivault,
          minmay_the_grid_square_5x5_three_small,
          minmay_the_grid_square_5x5_prize_open, minmay_the_grid_square_5x5_six,
          minmay_the_grid_square_5x5_prize_waves,
          minmay_the_grid_square_5x5_shrine2,
          minmay_the_grid_square_5x5_two_small, minmay_the_grid_square_5x5_bite,
          minmay_the_grid_square_5x5_fat_x, minmay_the_grid_square_5x5_detours,
          minmay_the_grid_square_5x5_seven], layout_gridlike, enter_ziggurat_f,
          hell_entry, nicolae_tso_carved_into_rock, rand_demon_pan_entry_9,
          uniq_mara

Skill      XL: |  1  2  3  4  5  6  7  8  9 10 11 12 13 14 15 16 17 18 19 20 21 22 23 24 |
---------------+-------------------------------------------------------------------------+-----
Stealth        | 1 3 4 5 7 8 10 11 12 13 14 15 16 17 18 | 18.8
Dodging        | 4 5 6 7 8 9 11 12 13 14 15 16 17 18 19 20 | 20.1
Fighting       | 4 5 6 7 8 9 11 12 13 14 15 16 17 18 19 | 19.5
Short Blades   | 5 6 7 9 10 12 14 15 16 19 21 22 | 22.3
Throwing       | 2 4 6 7 8 9 10 11 12 | 12.8
Armour         | 1 3 4 5 6 7 8 |  8.7
Evocations     | 3 5 8 9 10 12 13 14 15 16 17 18 19 | 19.4
Shields        | 2 3 5 6 8 10 12 | 12.0

Action                     |  1- 3 |  4- 6 |  7- 9 | 10-12 | 13-15 | 16-18 | 19-21 | 22-24 || total
---------------------------+-------+-------+-------+-------+-------+-------+-------+-------++-------
  Melee: Short sword       |    92 |    81 |   336 |   620 |   949 |    38 |       |       ||  2116
         Punch             |     2 |     1 |     4 |     6 |       |       |       |     1 ||    14
         Kick              |       |       |       |       |    24 |       |       |       ||    24
         Headbutt          |       |       |       |       |    98 |   404 |   220 |       ||   722
         Rapier            |       |       |       |       |    47 |  1306 |  2349 |   294 ||  3996
         Scimitar          |       |       |       |       |       |       |     5 |       ||     5
         Pair of quick bla |       |       |       |       |       |       |       |  2381 ||  2381
  Throw: Stone             |       |       |     4 |       |       |       |       |       ||     4
         Dart              |       |       |    20 |    37 |    39 |    61 |   186 |    13 ||   356
         Boomerang         |       |       |       |     7 |    25 |     1 |    12 |     4 ||    49
         Throwing net      |       |       |       |       |       |       |     1 |     2 ||     3
Ability: Begin Untransform |       |       |       |       |     1 |       |       |       ||     1
         Evoke Invisibilit |       |       |       |       |       |       |     4 |     2 ||     6
  Evoke: Wand              |       |       |     7 |    23 |    12 |     7 |    32 |     6 ||    87
         Sack of spiders   |       |       |       |     4 |     3 |     1 |     4 |     1 ||    13
         Phial of floods   |       |       |       |       |       |     1 |     3 |     3 ||     7
         Tin of tremorston |       |       |       |       |       |       |     5 |     1 ||     6
    Use: Potion            |     1 |       |     2 |     1 |     4 |     4 |    12 |    12 ||    36
         Scroll            |       |       |    10 |    10 |    14 |     9 |     7 |     8 ||    58
   Stab: Sleeping          |    10 |    14 |    18 |    20 |    23 |    25 |    59 |    29 ||   198
         Confused          |       |     1 |     4 |    13 |    16 |     1 |     6 |       ||    41
         Distracted        |       |     1 |       |     2 |     3 |     9 |    21 |     4 ||    40
         Petrifying        |       |       |     2 |     2 |     3 |       |       |       ||     7
         Invisible         |       |       |     2 |     6 |    52 |     1 |    46 |    38 ||   145
         Petrified         |       |       |     1 |     1 |       |       |     4 |       ||     6
         Paralysed         |       |       |       |     2 |     4 |     1 |     1 |       ||     8
         Held in net/web   |       |       |       |     1 |     3 |     1 |     2 |     4 ||    11
         Fleeing           |       |       |       |       |       |     1 |       |       ||     1
 Armour: Leather armour    |    30 |    21 |   119 |       |       |       |       |       ||   170
         Swamp dragon scal |       |       |    22 |    37 |       |       |       |       ||    59
         Steam dragon scal |       |       |       |    70 |       |       |       |       ||    70
         Troll leather arm |       |       |       |    19 |   168 |   363 |   588 |   150 ||  1288
  Dodge: Dodged            |    48 |    37 |   220 |   263 |   522 |   988 |  1385 |   437 ||  3900
  Block: Other             |     8 |     8 |    63 |    46 |       |       |       |    81 ||   206
         Reflection        |       |       |     2 |       |       |       |    34 |     9 ||    45
         Buckler           |       |       |       |   138 |   295 |   552 |  1165 |    77 ||  2227
   Form: Serpent           |       |       |       |       |     1 |       |       |       ||     1

Table legend: (Time is in decaauts)
 A = Elapsed time spent in this place.
 B = Non-inter-level travel time spent in this place.
 C = Inter-level travel time spent in this place.
 D = Time resting spent in this place.
 E = Time spent auto-exploring this place.
 F = Levels seen in this place.
 G = Mean time per level.
                   A        B        C        D        E       F      G
               +--------+--------+--------+--------+--------+-----+--------+
         Total |  36066 |  33422 |   2644 |   1120 |  18163 |  38 |  949.1 |
       Dungeon |  14131 |  12640 |   1491 |    363 |   8621 |  15 |  942.1 |
        Temple |      1 |      1 |      0 |      0 |      0 |   1 |    1.0 |
          Lair |   4950 |   4629 |    321 |    321 |   2637 |   5 |  990.0 |
        Shoals |   5113 |   4952 |    161 |     49 |   2172 |   4 | 1278.2 |
   Spider Nest |   4442 |   4204 |    238 |    132 |   1721 |   4 | 1110.5 |
  Orcish Mines |   1718 |   1560 |    158 |     22 |    982 |   2 |  859.0 |
   Elven Halls |   2875 |   2619 |    256 |     25 |    835 |   3 |  958.3 |
        Depths |   2030 |   2012 |     18 |    208 |    833 |   2 | 1015.0 |
         Trove |    104 |    104 |      0 |      0 |     62 |   1 |  104.0 |
      Gauntlet |    697 |    697 |      0 |      0 |    297 |   1 |  697.0 |
               +--------+--------+--------+--------+--------+-----+--------+

Top non-repeatable levels by time:
Spider:3: 1475 daAuts
    D:11: 1454 daAuts
Depths:1: 1408 daAuts
Spider:4: 1369 daAuts
Shoals:3: 1345 daAuts
Shoals:2: 1285 daAuts
Shoals:1: 1243 daAuts
Shoals:4: 1239 daAuts
    D:15: 1182 daAuts
     D:9: 1139 daAuts
     D:6: 1136 daAuts
  Lair:2: 1108 daAuts
    D:14: 1104 daAuts
    D:10: 1053 daAuts
   Orc:2: 1030 daAuts
